 Dungeon Crawl Stone Soup version 0.17-a0-870-gcb215c1 (webtiles) character file.

284 Sithun the Sneak (level 6, -5/44 HPs)
             Began as a Vampire Assassin on Apr 29, 2015.
             Was an Initiate of Qazlal.
             Killed from afar by an orc wizard (9 damage)
             ... with a puff of flame
             ... on level 4 of the Dungeon.
             The game lasted 00:30:14 (3738 turns).

Sithun the Sneak (Vampire Assassin)                 Turns: 3738, Time: 00:30:14

Health: -5/44      AC:  0    Str:  5      XL:     6   Next: 7%
Magic:  5/7        EV: 21    Int: 12 (14) God:    Qazlal [......]
Gold:   191        SH:  0    Dex: 22      Spells: 1 memorised, 6 levels left

rFire  . . .     SeeInvis +     (weapon currently unavailable)
rCold  . . .     Clarity  .     (armour currently unavailable)
rNeg   + . .     SustAb   .     (shield currently unavailable)
rPois  .         Gourm    .     (helmet currently unavailable)
rElec  .         Spirit   .     (cloak currently unavailable)
rCorr  .         Warding  .     (gloves currently unavailable)
rMut   .         Stasis   .     (boots currently unavailable)
MR     .....                    (no amulet)
Stlth  +++++.....               (ring currently unavailable)
                                (ring currently unavailable)

@: bat-form, flying, very quick, not resistant to hostile enchantments, quite
stealthy
A: (fangs 0), see invisible, (unbreathing)
a: End Transformation, Renounce Religion


You were on level 4 of the Dungeon.
You worshipped Qazlal.
Qazlal was noncommittal.
You were not thirsty.
You were in vampire-bat-form.
You visited 2 branches of the dungeon, and saw 5 of its levels.

You collected 191 gold pieces.

Inventory:

Hand weapons
 a - a +2 dagger
 b - a +1 blowgun (melded)
 e - a +2 whip of draining
 p - a +3 whip
 v - a +0 blowgun
 w - a cursed -1 short sword
Missiles
 f - 2 curare-tipped needles
 t - 22 poisoned needles
Armour
 c - a +0 robe
 d - a +0 cloak (melded)
 g - a +0 leather armour (melded)
 k - a +0 pair of gloves
Jewellery
 h - a ring of see invisible (melded)
 j - a ring of magical power (melded)
Scrolls
 q - 2 scrolls of fear
 r - 3 scrolls of identify
 x - a scroll of remove curse
Potions
 l - a potion of flight
 n - 2 potions of might
 o - 4 potions of curing
Books
 u - a book of Frost

   Spells                             Type                      Level
   a - Freeze                         Ice                          1
   b - Throw Frost                    Conjuration/Ice              2
   c - Ozocubu's Armour               Charms/Ice                   3
   d - Throw Icicle                   Conjuration/Ice              4
   e - Summon Ice Beast               Ice/Summoning                4
   f - Condensation Shield            Ice                          4


   Skills:
 + Level 2.0 Fighting
 + Level 0.2 Short Blades
 + Level 3.3 Throwing
 + Level 0.4 Armour
 + Level 2.3 Dodging
 + Level 7.7 Stealth
 * Level 1.1 Spellcasting
 * Level 1.6 Ice Magic


You had 6 spell levels left.
You knew the following spells:

 Your Spells              Type           Power        Failure   Level  Hunger
a - Freeze                Ice            #...         36%         1    ##.....


Dungeon Overview and Level Annotations

Branches:
Dungeon (4/15)             Temple (1/1) D:4

Altars:
Ashenzari
Cheibriados
Elyvilon
Gozag
Makhleb
Okawaru
Qazlal
Ru
Vehumet
Xom
Yredelemnul
Zin
The Shining One


Innate Abilities, Weirdness & Mutations

((You have razor-sharp teeth.))
You have supernaturally acute eyesight.
((You can survive without breathing.))


Message History

The orc wizard looks even sicker.
The orc wizard is moderately wounded.
The orc wizard casts a spell.
The orc wizard flickers and vanishes for a moment.
The orc wizard points at you and mumbles some strange words.
The magic dart hits you!
You see here a beef jerky.
The orc wizard casts a spell at you. The magic dart hits you!
* * * LOW HITPOINT WARNING * * *
Use which ability? (? or * to list)
You turn into a vampire bat.
Your +1 blowgun melds into your body.
Your +0 cloak melds into your body.
Your +0 leather armour melds into your body.
Your ring of magical power melds into your body.
Your ring of see invisible melds into your body.
You feel your magic capacity decrease.
The orc wizard points at you and mumbles some strange words.
The puff of flame hits you!
You die...

######.....####.#
#.........o####.##
#........o.%..(.(#
##
#......##.######.#
.# #......##.###
... .#
#...........# #(.#
.#### ######).)...#
.%# ....# #......#
#'# ..⌠.#
#####....b.# ..
....# #.........(#
.#######........###
.# #....!.......###
.###)##########...#
..)..# ###.# ######
... .... ).[.#


You could see an orc wizard (invisible).

Vanquished Creatures
  An ogre (D:4)
  An orc wizard (D:4)
  A worker ant (D:4)
  Robin (D:3)
  A gnoll (D:1)
  6 adders
  A worm (D:2)
  3 giant geckos
  3 orcs (D:4)
  9 giant cockroaches
  10 hobgoblins
  4 jackals (D:1)
  A quokka (D:4)
  2 ball pythons (D:3)
  5 bats
  7 giant newts
  9 goblins
  A jackal skeleton (D:4)
  9 kobolds
  6 rats
81 creatures vanquished.

Notes
Turn   | Place    | Note
--------------------------------------------------------------
     0 | D:1      | Sithun, the Vampire Assassin, began the quest for the Orb.
     0 | D:1      | Reached XP level 1. HP: 16/16 MP: 1/1
    37 | D:1      | Reached skill level 6 in Stealth
   175 | D:1      | Reached XP level 2. HP: 17/22 MP: 2/2
   797 | D:1      | Reached XP level 3. HP: 27/27 MP: 3/3
  1159 | D:2      | Reached skill level 7 in Stealth
  1699 | D:3      | Reached XP level 4. HP: 25/33 MP: 4/4
  1780 | D:3      | Noticed Robin
  1794 | D:3      | Killed Robin
  1889 | D:3      | Found an opulent altar of Gozag.
  1952 | D:3      | Learned a level 1 spell: Freeze
  2427 | D:4      | Reached XP level 5. HP: 19/38 MP: 5/5
  2644 | D:4      | Found a staircase to the Ecumenical Temple.
  2651 | Temple   | Entered the Ecumenical Temple
  3086 | Temple   | Became a worshipper of Qazlal Stormbringer
  3195 | D:4      | Noticed an ogre
  3220 | D:4      | Killed an ogre
  3220 | D:4      | Reached skill level 1 in Spellcasting
  3220 | D:4      | Reached skill level 1 in Ice Magic
  3652 | D:4      | Reached XP level 6. HP: 30/44 MP: 7/7
  3738 | D:4      | Killed from afar by an orc wizard

Action                   |  1- 3 |  4- 6 || total
-------------------------+-------+-------++-------
Melee: Dagger            |    32 |    63 ||    95
       Blowgun           |     9 |     3 ||    12
       Whip              |     8 |       ||     8
       Unarmed           |     4 |     1 ||     5
 Fire: Blowgun           |    71 |    62 ||   133
 Cast: Freeze            |       |     2 ||     2
 Abil: Bat Form          |     1 |     3 ||     4
       End Transformatio |     1 |     2 ||     3
  Use: Scroll            |     6 |     2 ||     8
       Potion            |       |     5 ||     5
 Stab: Sleeping          |    27 |     8 ||    35
  Eat: Corpse            |     3 |     4 ||     7
